 Dungeon Crawl Stone Soup version 0.31-a0-844-gdc52ec4e09 (webtiles) character file.

Game seed: 7493224317300544918

154549 DocSulfur the Marksdraconian (level 17, -1/132 HPs)
             Began as a Yellow Draconian Hunter on Sept 29, 2023.
             Was an Initiate of Gozag.
             Killed by the raging water
             ... invoked by a water nymph
              (32 damage)
             ... on level 4 of the Shoals.
             The game lasted 02:15:01 (37276 turns).

DocSulfur the Marksdraconian (DrHu)                Turns: 37276, Time: 02:15:01

Health: -1/132     AC: 12    Str: 13    XL:     17   Next: 6%
Magic:  5/23       EV: 17    Int: 16    God:    Gozag
Gold:   2334       SH:  0    Dex: 25    Spells: 4/24 levels left

rFire   + + .        p - +5 longbow (heavy)
rCold   + + +        (shield currently unavailable)
rNeg    . . .        (body armour unavailable)
rPois   +            C - +2 hat {Int+3}
rElec   +            z - scarf {rC+ rF+}
rCorr   +            (no gloves)
SInv    .            y - +0 pair of boots
Will    ++...        A - amulet of the acrobat
Stlth   ++           P - ring of Xom's Wantonness {rElec rF+ rC++ Str-2 Dex+3}
HPRegen 0.42/turn    i - ring "Mipluymu" {rF- Int+4 Slay+4}
MPRegen 0.18/turn

%: acrobat
@: about to teleport, resistant, gold aura, enlightened, flying, hasted,
studying Staves, very quick
A: spit acid, AC +9, unfitting armour, acidic bite, cold-blooded, acid
resistance
a: Breathe Acid, Renounce Religion, Potion Petition, Call Merchant, Bribe Branch


You were on level 4 of the Shoals.
You worshipped Gozag.
Gozag was most pleased with you.
You visited 5 branches of the dungeon, and saw 27 of its levels.
You visited 1 bazaar.

You collected 8639 gold pieces.
You spent 1663 gold pieces at shops.
You paid 4642 gold pieces to Gozag.

Inventory:

Hand Weapons
 g - a +1 morningstar of draining
 p - a +5 heavy longbow (weapon)
Missiles
 c - 25 poisoned darts
 m - 8 javelins
 q - 38 boomerangs
 W - 5 curare-tipped darts
 X - 3 silver javelins
Armour
 y - a +0 pair of boots (worn)
 z - a scarf of resistance (worn)
 C - a +2 hat of intelligence (worn)
Jewellery
 f - a ring of protection from cold
 i - the ring "Mipluymu" (right hand) {rF- Int+4 Slay+4}
   (You found it on level 2 of the Shoals)

   [ring of slaying]

   Int+4:     It affects your intelligence (+4).
   Slay+4:    It affects your accuracy & damage with ranged weapons and melee
   (+4).
   rF-:       It makes you vulnerable to fire.
 t - a +5 ring of evasion
 A - an amulet of the acrobat (around neck)
 G - a +5 ring of evasion
 H - a ring of ice
 L - an amulet of reflection
 O - a ring of willpower
 P - the ring of Xom's Wantonness (left hand) {rElec rF+ rC++ Str-2 Dex+3}
   (You bought it in a shop on level 15 of the Dungeon)

   [ring of protection from fire]

   Str-2:     It affects your strength (-2).
   Dex+3:     It affects your dexterity (+3).
   rF+:       It protects you from fire.
   rC++:      It greatly protects you from cold.
   rElec:     It insulates you from electricity.
 S - a ring of protection from fire
 V - a +6 ring of strength
 Z - a +4 ring of protection
Talismans
 b - a granite talisman
Wands
 s - a wand of iceblast (12)
 w - a wand of flame (39)
 F - a wand of acid (6)
 I - a wand of digging (11)
 N - a wand of paralysis (11)
 Q - a wand of mindburst (7)
Scrolls
 d - a scroll of brand weapon
 e - a scroll of identify
 l - 2 scrolls of poison
 n - a scroll of teleportation
 o - 5 scrolls of torment
 u - 3 scrolls of fog
 x - 3 scrolls of enchant armour
 E - 3 scrolls of amnesia
 J - 2 scrolls of silence
 U - 3 scrolls of revelation
Potions
 a - 4 potions of might {unknown}
 h - 4 potions of berserk rage
 j - 3 potions of enlightenment
 k - 4 potions of mutation {unknown}
 r - 4 potions of degeneration {unknown}
 v - 3 potions of brilliance {unknown}
 B - 6 potions of ambrosia
 D - a potion of curing
 M - 2 potions of haste {unknown}
 R - 2 potions of magic {unknown}
 T - a potion of resistance {unknown}
 Y - a potion of lignification {unknown}
Miscellaneous
 K - a phial of floods


   Skills:
 - Level 7.3 Fighting
 + Level 17.7 Ranged Weapons
 - Level 6.5 Dodging
 - Level 0.8 Stealth
 - Level 4.0 Spellcasting
 - Level 6.0 Conjurations
 * Level 11.8 Necromancy
 - Level 6.0 Transmutations
 - Level 6.0 Fire Magic
 - Level 8.0 Air Magic
 * Level 11.8 Earth Magic
 - Level 10.0 Poison Magic
 + Level 1.7 Shapeshifting


You had 4 spell levels left.
You knew the following spells:

 Your Spells              Type           Power      Damage    Failure   Level
a - Mephitic Cloud        Conj/Pois/Air  28%        N/A       1%          3
b - Ignite Poison         Fire/Tmut/Pois 26%        N/A       2%          3
c - Borgnjor's Vile Clut  Necr/Erth      20%        N/A       3%          5
d - Blink                 Tloc           6%         N/A       26%         2
e - Swiftness             Air            28%        N/A       1%          3
f - Passwall              Tmut/Erth      25%        N/A       1%          2
g - Wereblood             Tmut           22%        N/A       2%          2

Your spell library contained the following spells:

 Spells                   Type           Power      Damage    Failure   Level
 Foxfire                  Conj/Fire      88%        2x1d8     1%          1
 Magic Dart               Conj           88%        1d7       1%          1
 Sandblast                Erth           82%        2d17      1%          1
 Cigotuvi's Dreadful Rot  Necr/Pois/Air  70%        N/A       1%          2
 Sublimation of Blood     Necr           41%        N/A       1%          2
 Stone Arrow              Conj/Erth      62%        3d10      1%          3
 Vampiric Draining        Necr           41%        2d8       1%          3
 Searing Ray              Conj           44%        2d6       2%          2
 Brom's Barrelling Bould  Conj/Erth      31%        2d5       4%          4
 Dazzling Flash           Conj/Hex       24%        N/A       14%         3
 Hailstorm                Conj/Ice       12%        3d5       14%         3
 Volatile Blastmotes      Fire/Tloc      24%        2d12      14%         3
 Slow                     Hex            12%        N/A       17%         1
 Summon Small Mammal      Summ           12%        N/A       17%         1
 Call Imp                 Summ           6%         N/A       26%         2
 Ensorcelled Hibernation  Hex/Ice        6%         N/A       26%         2
 Lesser Beckoning         Tloc           6%         N/A       26%         2
 Fulminant Prism          Conj/Hex       6%         3d7       43%         4
 Call Canine Familiar     Summ           3%         N/A       45%         3
 Confusing Touch          Hex            3%         N/A       45%         3
 Gell's Gravitas          Tloc           3%         N/A       45%         3
 Sigil of Binding         Hex            3%         N/A       45%         3
 Summon Guardian Golem    Hex/Summ       3%         N/A       45%         3
 Teleport Other           Tloc           3%         N/A       45%         3
 Manifold Assault         Tloc           3%         N/A       86%         4
 Summon Ice Beast         Ice/Summ       3%         N/A       86%         4
 Death Channel            Necr           20%        N/A       21%         6
 Freezing Cloud           Conj/Ice/Air   9%         6-21      56%         5
 Eringya's Noxious Bog    Tmut/Pois      14%        4d6       67%         6
 Plasma Beam              Fire/Air       12%        2x1d23    82%         6
 Starburst                Conj/Fire      11%        6d5       91%         6
 Summon Forest            Summ/Tloc      1%         N/A       99%         5
 Summon Hydra             Summ           1%         N/A       100%        7
 Maxwell's Capacitive Co  Air            14%        ∞         100%        8
 Animate Dead             Necr           Unusable   N/A       N/A         4
 Simulacrum               Ice/Necr       Unusable   N/A       N/A         6

Dungeon Overview and Level Annotations

Branches:
Dungeon (15/15)            Temple (1/1) D:5            Lair (5/5) D:8
 Shoals (4/4) Lair:3       Spider (0/4) Lair:2        Slime (0/5) Lair:4
    Orc (2/2) D:9             Elf (0/3) Orc:2        Vaults (0/5) D:13
 Depths (0/4) D:15

Altars:
Ashenzari
Cheibriados
Dithmenos
Elyvilon
Fedhas
Gozag
Hepliaklqana
Kikubaaqudgha
Makhleb
Nemelex Xobeh
Okawaru
Qazlal
Ru
Sif Muna
Trog
Uskayaw
Vehumet
Wu Jian
Xom
Yredelemnul
Zin
The Shining One
Jiyva

Shops:
D:9 [   D:15 =   Orc:2 [*(:   Lair:1 (   Lair:2 *   Lair:5 [

Portals:
Trove: D:14 (give 13 potions of heal wounds)

Annotations:
D:10 2 transporters, wpisznazwe's ghost, novice TrSh


Innate Abilities, Weirdness & Mutations

You can spit globs of acid.
Your golden yellow scales are hard. (AC +9)
You cannot fit into any form of body armour.
You have acidic saliva.
You are cold-blooded and may be slowed by cold attacks.
You are resistant to acid. (rCorr)


Message History

[c] - 135 gold - heal wounds Purchase which effect?
You no longer have enough gold to bribe branches to halt enemies' attacks and recruit allies.
You feel yourself speed up.
You feel much better.
You are too mesmerised to rage.
Your surroundings suddenly seem different.
The zombie hands lose their grip on something. x2
Splash!
You fall into the shallow water.
Moving in this stuff is going to be slow. 4 merfolk impalers and a merfolk come into view.
A merfolk impaler is wielding a +2 demon trident of freezing.
A merfolk impaler is wielding a +4 trident of freezing.
A merfolk impaler is wielding a +4 trident of freezing.
A merfolk impaler is wielding a +0 demon trident of draining.
You have got your breath back.
You are no longer entranced.
The merfolk impaler shouts!
You hear a shout! x5
A water nymph comes into view.
The merfolk impaler is distracted by your dazzling golden aura.
The merfolk impaler moves out of view.
A merfolk javelineer comes into view. It is wielding a +0 spear of venom.
You regained 20 hp, and now have 30/132 hp.
Okay, then.
Okay, then.
Okay, then. [a] - 375 gold - resistance and enlightenment [b] - 729 gold - resistance, might, haste and lignification [c] - 575 gold - haste, enlightenment, might and brilliance Purchase which effect?
You feel protected.
You feel very buoyant.
You fly up into the air.
The merfolk impaler shouts!
The merfolk shouts!
You hear an angry hiss.
A merfolk impaler comes into view.
It is wielding a +2 demon trident of freezing.
The merfolk impaler hits you but does no damage.
A sea snake comes into view.
As you read the scroll of teleportation, it crumbles to dust.
You feel strangely unstable.
The water nymph shouts!
The water nymph points at you and mumbles some strange words.
The water rises up and strikes you!!
You die...
Your body crumbles into a pile of gold.

~~ ~≈ .....~~~≈≈≈≈≈≈~
≈≈ .....~m~≈≈≈≈≈≈~ ≈≈
.....^~~~≈≈≈≈≈~ ≈≈
.....~~~~≈≈≈≈~~ ≈≈
.....~~~~≈≈≈≈~~ ~≈
~...~~~~~≈≈≈≈~~ ~~
...^~~~≈≈≈≈≈≈~~ ~~
...~~~~@~≈≈~~~~ ~~
#~.##~~~~~~~~~....~.###
~~ ##m~~~~~~.....~~..##
~#~~~~~~.......~.#.
~m~##.~~~~..#.....~..
#m~ ~~~~............ mm
~~~.............


S#m .~.............. ........<....... You could see 4 merfolk impalers, a
merfolk javelineer, a sea snake (wandering), a merfolk and a water nymph.

Vanquished Creatures
  Polyphemus (Shoals:2)
  Gastronok (D:8)
  Frances (D:13)
  A kraken (Shoals:3)
  Kirke (D:13)
  Ilsuiw (Shoals:2)
  The ghost of Mindmass the Devastator, an adept HuCj of Sif Muna (Shoals:2)
  Nessos (Orc:2)
  Azrael (D:13)
  8 merfolk impalers
  A merfolk javelineer (Shoals:4)
  A quicksilver dragon zombie (D:15)
  2 vault guards (D:13)
  An ogre mage (D:15)
  3 catoblepae
  3 hydras
  10 two-headed ogres
  4 merfolk aquamancers
  3 centaur warriors
  2 merfolk avatars
  2 death knights (D:15)
  2 alligator snapping turtles
  A dancing weapon (Shoals:2)
  3 boulder beetles
  2 satyrs
  A deep troll shaman (Lair:5)
  8 death yaks
  An orc high priest (Orc:2)
  3 tengu warriors
  6 skysharks
  A titan skeleton (D:15)
  3 skeletal warriors (D:15)
  Lodul (D:10)
  14 sea snakes
  Pikel (D:8)
  2 phantasmal warriors (D:15)
  2 wizards
  A deep troll (Lair:1)
  25 harpies
  3 necromancers
  A deep elf archer (D:13)
  A lindwurm (Lair:5)
  6 orc knights
  2 deep elf pyromancers
  5 orc sorcerers
  17 ugly things
  3 oklob plants
  3 cyclopes
  8 manticores
  16 fauns
  7 elephants
  8 merfolk sirens
  Maurice (D:8)
  A stone giant skeleton (D:15)
  2 black mambas
  3 water nymphs
  A spriggan zombie (D:15)
  9 cane toads
  An unseen horror (D:12)
  Psyche (D:8)
  Jeremiah (D:6)
  A yaktaur (D:13)
  A rime drake (Lair:4)
  A kobold demonologist (D:11)
  An efreet (D:15)
  6 komodo dragons
  3 tengu conjurers
  A queen bee (D:12)
  3 wind drakes
  6 trolls
  3 meliai (D:12)
  26 merfolk
  6 polar bears
  13 snapping turtles
  13 dream sheep
  6 blink frogs
  A jumping spider (Lair:2)
  3 slime creatures (Lair:4)
  4 water elementals
  A shadow (D:12)
  4 wraiths
  52 yaks
  A vampire (D:13)
  8 basilisks
  18 humans (D:13)
  3 wyverns
  4 fire elementals (D:13)
  3 hogs (D:13)
  A steam dragon (D:8)
  6 vampire mosquitoes (D:12)
  A redback (Lair:2)
  Menkaure (D:4)
  A warg (Orc:2)
  3 acid dragons
  10 water moccasins
  Duvessa (D:7)
  A hell hound (D:13)
  2 sky beasts
  2 ice beasts
  Pargi (D:4)
  2 black bears
  34 orc warriors
  14 ogres
  11 wolves
  10 centaurs
  4 lemures (D:8)
  A phantom (D:4)
  Blork the orc (D:4)
  12 bullfrogs
  A scorpion (D:5)
  Dowan (D:7)
  6 wights
  26 killer bees
  An electric eel (Lair:1)
  4 howler monkeys
  A jelly (Lair:4)
  5 hounds
  24 orc priests
  A gnoll bouda (D:8)
  4 iguanas
  Jessica (D:2)
  33 orc wizards
  2 adders (D:3)
  4 gnolls (D:8)
  3 shadow imps
  2 white imps (D:7)
  3 ufetubi
  A worm (D:3)
  2 dart slugs
  68 orcs
  6 bats
  8 endoplasms
  4 giant cockroaches
  4 hobgoblins
  A jackal (D:1)
  A quokka (D:2)
  6 ball pythons
  3 frilled lizards
  13 goblins
  5 kobolds
  7 rats
788 creatures vanquished.

Vanquished Creatures (collateral kills)
  An orc warlord (Orc:2)
  A fire elemental (D:13)
2 creatures vanquished.

Vanquished Creatures (others)
  A human (D:13)
  An orc warrior (Orc:2)
  4 orcs (Orc:2)
6 creatures vanquished.

Grand Total: 796 creatures vanquished

Notes
Turn   | Place    | Note
-------+----------+-------------------------------------------
     0 | D:1      | DocSulfur the Draconian Hunter began the quest for the Orb.
     0 | D:1      | Reached XP level 1. HP: 17/17 MP: 1/1
    97 | D:1      | Reached XP level 2. HP: 24/24 MP: 2/2
   160 | D:1      | Reached skill level 4 in Ranged Weapons
   848 | D:2      | Reached XP level 3. HP: 29/29 MP: 3/3
   978 | D:2      | Noticed Jessica
   990 | D:2      | Killed Jessica
  1089 | D:2      | Reached XP level 4. HP: 36/36 MP: 4/4
  1373 | D:2      | Found a glowing silver altar of Zin.
  1621 | D:3      | You fall into a shaft and drop 3 floors!
  1681 | D:6      | Reached skill level 5 in Ranged Weapons
  1689 | D:6      | Noticed a bullfrog
  1708 | D:7      | Noticed a sky beast
  1712 | D:7      | Noticed a black bear
  1737 | D:6      | Killed a bullfrog
  1738 | D:6      | Reached XP level 5. HP: 33/41 MP: 5/5
  1831 | D:5      | Entered Level 5 of the Dungeon
  1831 | D:5      | Noticed an ice beast
  1854 | D:6      | Noticed an ogre
  1854 | D:6      | Noticed an ice beast
  2118 | D:6      | Killed an ogre
  2119 | D:6      | Reached skill level 6 in Ranged Weapons
  2119 | D:6      | Reached XP level 6. HP: 34/48 MP: 6/6
  2132 | D:6      | Killed an ice beast
  2261 | D:6      | Noticed Jeremiah
  2712 | D:5      | Your scales start taking on a golden yellow colour.
  2712 | D:5      | Reached XP level 7. HP: 40/55 MP: 7/7
  2712 | D:5      | Gained mutation: You are resistant to acid. (rCorr) [Yellow
                  | Draconian growth]
  2913 | D:4      | Reached skill level 7 in Ranged Weapons
  2924 | D:4      | Noticed Pargi
  2965 | D:4      | Noticed Menkaure
  3083 | D:4      | Killed Pargi
  3299 | D:4      | Killed Menkaure
  3300 | D:4      | Reached skill level 5 in Dodging
  3513 | D:4      | Noticed Blork the orc
  3519 | D:4      | Killed Blork the orc
  3688 | D:4      | Reached XP level 8. HP: 51/61 MP: 8/8
  4619 | D:5      | Reached skill level 8 in Ranged Weapons
  5023 | D:5      | Found a staircase to the Ecumenical Temple.
  5037 | Temple   | Entered the Ecumenical Temple
  5081 | Temple   | Became a worshipper of Gozag Ym Sagoz the Greedy
  5235 | D:5      | Reached skill level 9 in Ranged Weapons
  5596 | D:6      | Killed Jeremiah
  5597 | D:6      | Reached XP level 9. HP: 67/67 MP: 9/9
  5620 | D:6      | Learned a level 3 spell: Mephitic Cloud
  5766 | D:7      | Reached skill level 10 in Ranged Weapons
  6024 | D:7      | Noticed Dowan
  6036 | D:7      | Noticed Duvessa
  6044 | D:7      | Killed Duvessa
  6333 | D:7      | Killed Dowan
  6546 | D:8      | Noticed Gastronok
  6803 | D:8      | Noticed Maurice
  6811 | D:8      | Killed Maurice
  6812 | D:8      | Reached skill level 1 in Conjurations
  6812 | D:8      | Reached skill level 1 in Air Magic
  6812 | D:8      | Reached skill level 1 in Poison Magic
  6853 | D:8      | Found a staircase to the Lair.
  6958 | D:8      | Noticed Pikel
  7445 | D:8      | Killed Gastronok
  7446 | D:8      | Reached skill level 5 in Fighting
  7446 | D:8      | Reached skill level 11 in Ranged Weapons
  7446 | D:8      | Reached XP level 10. HP: 38/81 MP: 10/10
  7841 | D:8      | Noticed Psyche
  7845 | D:8      | Killed Psyche
  8283 | D:8      | Found a staircase to the Lair.
  8345 | D:8      | Killed Pikel
  8807 | D:9      | Noticed a two-headed ogre
  8898 | D:9      | Noticed a two-headed ogre
  9045 | D:9      | Noticed a two-headed ogre
  9075 | D:9      | Killed a two-headed ogre
  9497 | D:9      | Killed a two-headed ogre
  9498 | D:9      | Reached skill level 12 in Ranged Weapons
  9748 | D:9      | Killed a two-headed ogre
  9749 | D:9      | Reached XP level 11. HP: 91/91 MP: 7/11
  9749 | D:9      | Found Bahou's Armour Boutique.
  9749 | D:9      | Found a staircase to the Orcish Mines.
 10170 | D:10     | Entered Level 10 of the Dungeon
 10200 | D:10     | Noticed Lodul
 10206 | D:10     | Killed Lodul
 10207 | D:10     | Reached skill level 1 in Spellcasting
 10411 | D:10     | Noticed a two-headed ogre
 10479 | D:10     | Learned a level 3 spell: Ignite Poison
 10770 | D:10     | Found a bloodstained altar of Trog.
 10771 | D:10     | Found an ancient bone altar of Kikubaaqudgha.
 10776 | D:10     | Found a basalt altar of Yredelemnul.
 10778 | D:10     | Found a sacrificial altar of Ru.
 10782 | D:10     | Found a snail-covered altar of Cheibriados.
 10821 | D:10     | Killed a two-headed ogre
 10837 | D:10     | Found a transporter.
 10840 | D:10     | Found a transporter.
 10840 | D:10     | Noticed a centaur warrior
 10840 | D:10     | Noticed wpisznazwe's ghost (novice TrSh)
 10846 | D:10     | Noticed a centaur warrior
 11517 | D:11     | Noticed a red ugly thing
 11531 | D:11     | Killed a red ugly thing
 11532 | D:11     | Reached skill level 5 in Conjurations
 11532 | D:11     | Reached skill level 5 in Air Magic
 11532 | D:11     | Reached skill level 5 in Poison Magic
 11913 | D:11     | Noticed a deep elf pyromancer
 11921 | D:11     | Killed a deep elf pyromancer
 12031 | D:11     | Noticed a two-headed ogre
 12040 | D:11     | Killed a two-headed ogre
 12316 | D:12     | Noticed a boulder beetle
 12324 | D:12     | Noticed a two-headed ogre
 12358 | D:12     | Killed a boulder beetle
 12359 | D:12     | Reached XP level 12. HP: 100/100 MP: 1/17
 12359 | D:12     | Killed a two-headed ogre
 12360 | D:12     | Reached skill level 1 in Transmutations
 12360 | D:12     | Reached skill level 1 in Fire Magic
 12833 | D:12     | Noticed a seven-headed hydra
 13770 | Lair:1   | Entered Level 1 of the Lair of Beasts
 14102 | Lair:1   | Reached skill level 5 in Transmutations
 14102 | Lair:1   | Reached skill level 5 in Fire Magic
 15317 | Lair:2   | Identified the +2 trident of the Leaping Pill Bug {elec,
                  | rC+ Stlth+}
 15366 | Lair:2   | Found a hole to the Spider Nest.
 15610 | Lair:2   | Identified the +0 scale mail "Udegaup" {rCorr Str-2 Dex-5
                  | Stlth+}
 16385 | Lair:2   | Reached XP level 13. HP: 101/105 MP: 11/19
 16953 | Lair:2   | Bought a scroll of teleportation for 33 gold pieces
 17010 | Lair:3   | Reached skill level 13 in Ranged Weapons
 17464 | Lair:3   | Found a staircase to the Shoals.
 17970 | Lair:4   | Found a staircase to the Slime Pits.
 18607 | Lair:4   | Found a viscous altar of Jiyva.
 19371 | Lair:5   | Entered Level 5 of the Lair of Beasts
 19683 | Lair:5   | Reached skill level 10 in Poison Magic
 20066 | Lair:5   | Reached skill level 14 in Ranged Weapons
 20876 | Lair:5   | Gained mutation: You have acidic saliva. [Yellow Draconian
                  | growth]
 20876 | Lair:5   | Reached XP level 14. HP: 107/113 MP: 5/20
 21469 | Lair:5   | Reached skill level 15 in Ranged Weapons
 21542 | Lair:5   | Identified the staff "Dragon's Tongue" {rElec rN+ Necro}
 21787 | Orc:1    | Entered Level 1 of the Orcish Mines
 21791 | Orc:1    | Paralysed by an orc sorcerer for 2 turns
 22126 | Orc:2    | Entered Level 2 of the Orcish Mines
 22179 | Orc:2    | Found a flickering gateway to a bazaar.
 22195 | Bazaar   | Entered a bazaar
 22195 | Bazaar   | Found Gizawkia's Weapon Boutique.
 22195 | Bazaar   | Found Gyagudio's Antique Armour Shop.
 22195 | Bazaar   | Found Haxom's Antique Weapon Shop.
 22442 | Orc:2    | Found a staircase to the Elven Halls.
 22566 | Orc:2    | Noticed Nessos
 22578 | Orc:2    | Killed Nessos
 22850 | Orc:2    | Reached skill level 16 in Ranged Weapons
 22908 | Orc:2    | Noticed an orc warlord
 22943 | Orc:2    | Killed an orc warlord
 23229 | Orc:2    | Found Bit Nikk's Antique Armour Shoppe.
 23238 | Orc:2    | Found Jiwin's Antique Weapon Shoppe.
 23306 | Orc:2    | Found Yni Alest's Book Shoppe.
 23326 | Orc:2    | Found Xuhoaq's General Store.
 23334 | Orc:2    | Bought a scroll of poison for 48 gold pieces
 23334 | Orc:2    | Bought a potion of enlightenment for 60 gold pieces
 23377 | Orc:2    | Bought a book of Unlife for 468 gold pieces
 23383 | Orc:2    | Learned a level 5 spell: Borgnjor's Vile Clutch
 24117 | D:12     | Reached skill level 1 in Necromancy
 24117 | D:12     | Reached skill level 1 in Earth Magic
 24860 | D:13     | Noticed Kirke
 24893 | D:13     | Killed Kirke
 25034 | D:13     | Learned a level 2 spell: Blink
 25038 | D:13     | Learned a level 3 spell: Swiftness
 25041 | D:13     | Learned a level 2 spell: Passwall
 25044 | D:13     | Learned a level 2 spell: Wereblood
 25277 | D:13     | Noticed Azrael
 25650 | D:13     | Reached XP level 15. HP: 88/118 MP: 9/21
 25799 | D:13     | Found a gate to the Vaults.
 25844 | D:13     | Reached skill level 5 in Earth Magic
 25845 | D:13     | Killed Azrael
 25846 | D:13     | Reached skill level 5 in Necromancy
 26192 | D:14     | Found a shimmering altar of Xom.
 26193 | D:14     | Found a shimmering altar of Xom.
 26194 | D:14     | Found a shimmering altar of Xom.
 26196 | D:14     | Found a shimmering altar of Xom.
 26284 | D:14     | Found a shimmering altar of Xom.
 26321 | D:14     | Noticed Frances
 26346 | D:13     | Killed Frances
 26545 | D:14     | Found a portal to a secret trove of treasure.
 27079 | D:15     | Entered Level 15 of the Dungeon
 28028 | D:15     | Found a staircase to the Depths.
 28160 | D:15     | Found a broken altar of Ashenzari.
 28394 | D:15     | Bought the ring of Xom's Wantonness {rElec rF+ rC++ Str-2
                  | Dex+3} for 1054 gold pieces
 28649 | Shoals:1 | Entered Level 1 of the Shoals
 28649 | Shoals:1 | Found a broken altar of Ashenzari.
 28728 | Shoals:1 | Reached skill level 17 in Ranged Weapons
 29788 | Shoals:1 | Reached XP level 16. HP: 80/126 MP: 15/22
 30547 | Shoals:2 | Found a runed translucent door.
 30549 | Shoals:2 | Found a shimmering altar of Xom.
 30549 | Shoals:2 | Noticed Mindmass's ghost (adept HuCj)
 30601 | Shoals:2 | Noticed Ilsuiw
 30669 | Shoals:2 | Killed Ilsuiw
 31353 | Shoals:2 | Reached skill level 10 in Earth Magic
 31354 | Shoals:2 | HP: 5/126 [snapping turtle (7)]
 31359 | Shoals:2 | Reached skill level 10 in Necromancy
 32402 | Shoals:2 | Killed Mindmass's ghost
 32409 | Shoals:2 | Identified the ring "Mipluymu" {rF- Int+4 Slay+4}
 33559 | Shoals:2 | Noticed Polyphemus
 34028 | Shoals:2 | Killed Polyphemus
 34715 | Shoals:4 | Entered Level 4 of the Shoals
 35364 | Shoals:3 | Noticed a kraken
 35373 | Shoals:3 | Killed a kraken
 36270 | Shoals:4 | Reached skill level 1 in Shapeshifting
 36688 | Shoals:4 | Reached XP level 17. HP: 132/132 MP: 17/23
 36740 | Shoals:4 | Identified the ring of the Philosopher {Ice rPois rCorr
                  | Str-2 Dex-2}
 37276 | Shoals:4 | Killed from afar by a water nymph

Illustrated notes

Levels and vault maps discovered:
D:1:      minmay_arrival_five_plusses, layout_basic, minmay_misc_feat_tower,
          minmay_3d_cube
D:2:      layout_basic, basic_altar, uniq_jessica
D:3:      layout_loops_ring, minmay_misc_feat_pillars, minmay_misc_feat_alley
D:4:      layout_basic, uniq_blork_the_orc, uniq_pargi, uniq_menkaure
D:5:      layout_basic, minmay_temple_entry_stoned_glass,
          minmay_fractal_squares_5
D:6:      layout_basic, uniq_jeremiah
D:7:      layout_cave_pools, uniq_duvessa
D:8:      layout_gridville, lair_entry_dummy, uniq_psyche, uniq_pikel,
          uniq_gastronok, uniq_maurice
D:9:      layout_gridville, orc_david_3
D:10:     layout_roguey, minitemple, gammafunk_ghost_arena, uniq_lodul
D:11:     layout_irregular_city
D:12:     minmay_blocking_statues, layout_basic, special_room [special_room_bee]
D:13:     layout_cave_pods, grunt_vaults_entry_tiered, uniq_kirke, uniq_azrael
D:14:     layout_loops_ring, nicolae_trove_entry_crossroad, xom_shifter_show,
          uniq_frances
D:15:     gammafunk_depths_entry_grave, layout_loops_corners, ashenzari_altar_1
Temple:   bh_familiar_temple
Lair:1:   dreamdust_cave_troll, layout_gridlike
Lair:2:   layout_roguey, spider_nest_entry_a, infiniplex_staircase_pool_2,
          grunt_megastairs_5
Lair:3:   layout_long_grid, shoals_dummy_entry, serial_bayou_pond_b
Lair:4:   beargit_carnivore_pack, layout_cave_pods, minmay_slime_entry_pillars
Lair:5:   grunt_lair_end_beastmaster, layout_hall_layers, serial_bayou_shore_b
Shoals:1: layout_shoals, lemuel_oklob_altar
Shoals:2: layout_shoals, ebering_ghost_xom, nicolae_shoals_loop_pool,
          uniq_ilsuiw, uniq_polyphemus
Shoals:3: layout_shoals, nzn_prometheus_bound
Shoals:4: shoals_end_grunt_ice, layout_shoals, shoals_ilsuiw_alternative
Orc:1:    layout_caves
Orc:2:    grunt_orc_cross, layout_caves, basic_altar, serial_shops,
          freezing_bzr, uniq_nessos

Skill      XL: |  1  2  3  4  5  6  7  8  9 10 11 12 13 14 15 16 |
---------------+-------------------------------------------------+-----
Dodging        | 2 3 4 5 6 |  6.5
Ranged Weapons | 4 5 6 7 9 11 12 14 16 17 | 17.7
Fighting       | 5 6 7 |  7.3
Conjurations   | 2 4 5 6 |  6.0
Air Magic      | 3 4 6 8 |  8.0
Poison Magic   | 2 4 6 9 10 | 10.0
Spellcasting   | 3 4 |  4.0
Transmutations | 5 6 |  6.0
Fire Magic     | 5 6 |  6.0
Necromancy     | 4 8 11 | 11.8
Earth Magic    | 4 8 11 | 11.8
Shapeshifting  | 1 |  1.7
Stealth        | |  0.8

Action                     |  1- 3 |  4- 6 |  7- 9 | 10-12 | 13-15 | 16-18 || total
---------------------------+-------+-------+-------+-------+-------+-------++-------
  Melee: Morningstar       |       |       |       |     6 |       |       ||     6
         Tailslap          |       |       |       |     1 |       |       ||     1
         Longbow           |       |       |       |       |     1 |       ||     1
   Fire: Shortbow          |   109 |   178 |    44 |       |       |       ||   331
         Orcbow            |       |       |    29 |       |       |       ||    29
         Longbow           |       |       |   235 |   663 |  1141 |   455 ||  2494
  Throw: Throwing net      |       |       |     1 |     1 |       |       ||     2
   Cast: Mephitic Cloud    |       |       |       |    71 |   168 |    55 ||   294
         Ignite Poison     |       |       |       |    15 |    49 |    10 ||    74
         Borgnjor's Vile C |       |       |       |       |       |    30 ||    30
 Invoke: Call Merchant     |       |       |       |     1 |     3 |       ||     4
         Potion Petition   |       |       |       |       |     1 |     5 ||     6
Ability: Breathe Acid      |       |       |    23 |    30 |    16 |     5 ||    74
  Evoke: Wand              |       |       |    16 |     5 |     1 |     4 ||    26
         Phial of floods   |       |       |       |       |     1 |     1 ||     2
    Use: Potion            |     1 |     1 |     6 |     1 |     4 |    14 ||    27
         Scroll            |       |     4 |     2 |     9 |    17 |    11 ||    43
 Armour: Skin              |    35 |    84 |   141 |   142 |   363 |   316 ||  1081
  Dodge: Dodged            |    49 |    97 |   207 |   349 |   627 |   337 ||  1666

Table legend: (Time is in decaauts)
 A = Elapsed time spent in this place.
 B = Non-inter-level travel time spent in this place.
 C = Inter-level travel time spent in this place.
 D = Time resting spent in this place.
 E = Time spent auto-exploring this place.
 F = Levels seen in this place.
 G = Mean time per level.
                   A        B        C        D        E       F      G
               +--------+--------+--------+--------+--------+-----+--------+
         Total |  38205 |  36098 |   2107 |   8137 |  15423 |  28 | 1364.5 |
       Dungeon |  18730 |  17460 |   1270 |   2516 |   8280 |  15 | 1248.7 |
        Temple |     55 |     49 |      6 |      0 |      0 |   1 |   55.0 |
          Lair |   8052 |   7722 |    330 |   1093 |   4607 |   5 | 1610.4 |
        Shoals |   9178 |   8705 |    473 |   4244 |   1747 |   4 | 2294.5 |
  Orcish Mines |   1944 |   1917 |     27 |     69 |    788 |   2 |  972.0 |
        Bazaar |    243 |    243 |      0 |    214 |      0 |   1 |  243.0 |
               +--------+--------+--------+--------+--------+-----+--------+

Top non-repeatable levels by time:
Shoals:1: 3210 daAuts
Shoals:2: 3073 daAuts
     D:8: 2195 daAuts
    D:12: 2182 daAuts
  Lair:5: 2151 daAuts
Shoals:3: 1766 daAuts
  Lair:2: 1711 daAuts
  Lair:4: 1641 daAuts
     D:9: 1568 daAuts
  Lair:1: 1552 daAuts
   Orc:2: 1476 daAuts
    D:13: 1462 daAuts
     D:6: 1454 daAuts
    D:15: 1394 daAuts
     D:4: 1305 daAuts
